 Dungeon Crawl Stone Soup version 0.18.1-48-g4cf74bf (webtiles) character file.

1015 Charly the Cleaver (level 8, 23/68 HPs)
             Began as a Minotaur Warper on Sept 2, 2016.
             Was a Follower of Ru.
             Quit the game on level 8 of the Dungeon.
             The game lasted 00:36:21 (2337 turns).

Charly the Cleaver (Minotaur Warper)                Turns: 2337, Time: 00:36:22

Health: 23/68      AC: 11    Str: 17    XL:     8   Next: 1%
Magic:  8/8        EV:  8    Int: 15    God:    Ru [*.....]
Gold:   281        SH:  0    Dex: 11    Spells: 1 memorised, 8 levels left

rFire  x . .     SeeInvis .     a - +0 hand axe
rCold  + + .     Gourm    .     b - +0 ice dragon armour
rNeg   . . .     Faith    .     (no shield)
rPois  .         Spirit   .     (helmet restricted)
rElec  .         Dismiss  .     p - +0 cloak
rCorr  .         Reflect  .     i - +0 pair of gloves
SustAt .         Harm     .     (no boots)
MR     .....                    (no amulet)
Stlth  ..........               (no ring)
                                d - +5 ring of intelligence

@: mildly poisoned (23 -> 21), heavily drained, not resistant to hostile
enchantments, extremely unstealthy
A: retaliatory headbutt, horns 2, unskilled 1
a: Renounce Religion


You were on level 8 of the Dungeon.
You worshipped Ru.
Ru was aware of your devotion.
You were not hungry.

You visited 1 branch of the dungeon, and saw 8 of its levels.

You collected 281 gold pieces.

Inventory:

Hand Weapons
 a - a +0 hand axe (weapon)
Missiles
 e - 3 tomahawks of dispersal (quivered)
Armour
 b - a +0 ice dragon armour (worn)
 i - a +0 pair of gloves (worn)
 p - a +0 cloak (worn)
Jewellery
 d - a +5 ring of intelligence (left hand)
Wands
 q - a wand of random effects (39/48)
Scrolls
 g - a scroll of enchant armour {unknown}
 j - 2 scrolls of magic mapping {unknown}
 k - a scroll of random uselessness {unknown}
 n - a scroll of immolation {unknown}
 o - a scroll of identify
 s - a scroll of noise {unknown}
 u - a scroll of teleportation {unknown}
Potions
 l - 2 potions of resistance
 m - 2 potions of curing
 r - 2 potions of might
 v - a potion of degeneration
 x - 2 potions of invisibility {unknown}
Books
 c - a book of Spatial Translocations

   Spells                             Type                      Level
   a - Apportation                    Translocation                1
   b - Blink                          Translocation                2
   c - Shroud of Golubria             Charms/Translocation         2
   d - Portal Projectile              Translocation                3
   e - Teleport Other                 Translocation                3
   f - Passage of Golubria            Translocation                4
 w - a book of Clouds

   Spells                             Type                      Level
   a - Mephitic Cloud                 Conjuration/Poison/Air       3
   b - Conjure Flame                  Conjuration/Fire             3
   c - Poisonous Cloud                Conjuration/Poison/Air       6
   d - Freezing Cloud                 Conjuration/Ice/Air          6
   e - Ring of Flames                 Charms/Fire                  7
Comestibles
 f - 3 bread rations
 h - 3 meat rations


   Skills:
 - Level 5.2(2.3) Fighting
 * Level 8.3(5.1) Axes
 - Level 0.8(0.0) Throwing
 + Level 3.8(1.0) Armour
 - Level 2.0(0.0) Dodging
 - Level 1.2(0.0) Spellcasting
 - Level 2.0(0.0) Translocations


You had 8 spell levels left.
You knew the following spells:

 Your Spells              Type           Power        Failure   Level  Hunger
a - Apportation           Tloc           #.........   94%         1    ##.....


Dungeon Overview and Level Annotations

Branches:
Dungeon (8/15)
 Temple: D:4-7         Lair: D:8-11

Altars:
Elyvilon
Okawaru
Ru
Sif Muna
Vehumet

Annotations:
D:2 Natasha, Terence
D:7 Prince Ribbit


Innate Abilities, Weirdness & Mutations

You reflexively headbutt those who attack you in melee.
You have a pair of horns on your head.
You are somewhat unskilled (-1 Apt).


Message History

You destroy the wight!
You have reached level 8!
You feel agile.
Things that are here:
a long sword of draining; a robe A wight comes into view.
It is wielding a flail of freezing.
You see here 11 gold pieces.
A worker ant comes into view.
The worker ant twitches its antennae in your direction.
The worker ant moves out of view.
Found a white marble altar of Elyvilon.
Found 9 gold pieces.
A worker ant comes into view.
The worker ant twitches its antennae in your direction.
The worker ant bites you but does no damage.
The worker ant bites you.
* * * LOW HITPOINT WARNING * * *
You are poisoned.
The worker ant poisons you!
Are you sure you want to abandon this character and quit the game? (Confirm with "yes".)

#### #.. #a#
#############@#
...........az.#
##.###.#######
#.# #.# #.# #.#
#.# ##.##


You could see 2 worker ants and a wight.

Vanquished Creatures
  3 centaurs
  3 giant frogs
  A scorpion (D:6)
  A wight (D:8)
  A giant frog zombie (D:5)
  2 orc priests
  2 orc wizards
  2 giant frog skeletons
  A jelly (D:5)
  An iguana (D:7)
  3 worker ants
  A killer bee zombie (D:5)
  A gnoll (D:5)
  A howler monkey skeleton (D:5)
  2 adders
  3 shadow imps
  An ooze (D:3)
  An adder skeleton (D:7)
  A giant gecko (D:7)
  15 orcs
  5 bats
  4 giant cockroaches
  2 goblins
  4 hobgoblins
  4 jackals (D:5)
  7 kobolds
  A quokka (D:5)
  A ball python zombie (D:5)
  5 giant newts
  3 rats
82 creatures vanquished.

Notes
Turn   | Place    | Note
--------------------------------------------------------------
     0 | D:1      | Charly the Minotaur Warper began the quest for the Orb.
     0 | D:1      | Reached XP level 1. HP: 18/18 MP: 1/1
    46 | D:2      | Noticed Terence
   121 | D:1      | Reached skill level 3 in Axes
   183 | D:1      | Reached XP level 2. HP: 12/25 MP: 3/3
   340 | D:2      | Reached skill level 4 in Axes
   340 | D:2      | Reached XP level 3. HP: 12/30 MP: 4/4
   422 | D:2      | Noticed Natasha
   566 | D:3      | Reached skill level 5 in Axes
   572 | D:3      | Found a sacrificial altar of Ru.
   580 | D:3      | Became a worshipper of Ru the Awakened
   727 | D:3      | Reached XP level 4. HP: 24/37 MP: 5/5
   880 | D:4      | Noticed an ogre
   910 | D:5      | Entered Level 5 of the Dungeon
   911 | D:5      | Reached skill level 6 in Axes
  1018 | D:6      | Reached XP level 5. HP: 27/42 MP: 6/6
  1026 | D:6      | Noticed an orc warrior
  1068 | D:5      | Reached skill level 7 in Axes
  1204 | D:5      | Reached XP level 6. HP: 20/51 MP: 7/7
  1582 | D:6      | Reached XP level 7. HP: 60/60 MP: 8/8
  1603 | D:7      | Reached skill level 5 in Fighting
  1610 | D:7      | Gained mutation: You are somewhat unskilled (-1 Apt). [Ru sacrifice]
  1610 | D:7      | Reached * piety under Ru
  1707 | D:7      | Found a radiant altar of Vehumet.
  1775 | D:6      | Reached skill level 5 in Fighting
  1900 | D:7      | Found a deep blue altar of Sif Muna.
  2082 | D:7      | Noticed Prince Ribbit
  2141 | D:8      | Reached skill level 8 in Axes
  2235 | D:8      | Found an iron altar of Okawaru.
  2301 | D:8      | Reached XP level 8. HP: 17/68 MP: 8/8
  2311 | D:8      | Found a white marble altar of Elyvilon.
  2337 | D:8      | Quit the game

Skill      XL: |  1  2  3  4  5  6  7 |
---------------+----------------------+-----
Axes           | 3 4 5 6 7 8 |  8.3
Fighting       | 3 4 5 |  5.2
Armour         | 2 3 |  3.8
Throwing       | 0 |  0.8
Dodging        | |  2.0
Spellcasting   | |  1.2
Translocations | |  2.0

Action                   |  1- 3 |  4- 6 |  7- 9 || total
-------------------------+-------+-------+-------++-------
Melee: Hand axe          |   121 |   113 |    95 ||   329
       Headbutt          |    14 |    25 |    11 ||    50
Throw: Tomahawk          |       |     2 |       ||     2
Invok: Sacrifice Skill   |       |       |     1 ||     1
  Use: Scroll            |       |     1 |     4 ||     5
  Eat: Royal jelly       |     1 |       |       ||     1
       Fruit             |     3 |       |       ||     3
       Pizza             |     1 |       |       ||     1
Armor: Leather armour    |     3 |       |       ||     3
       Ice dragon armour |    46 |    59 |    53 ||   158
       Chain mail        |    12 |       |       ||    12
Dodge: Dodged            |    49 |    52 |    41 ||   142
